 Dungeon Crawl Stone Soup version 0.32-a0-799-g95e1662365 (webtiles) character file.

Game seed: 15551294243342036644

27 Aldia the Chopper (level 2, 0/25 HPs)
             Began as a Mountain Dwarf Reaver on Mar 21, 2024.
             Slain by a kobold
             ... wielding a +0 dagger
              (1 damage)
             ... on level 2 of the Dungeon.
             The game lasted 00:01:40 (708 turns).

Aldia the Chopper (Mountain Dwarf Reaver)            Turns: 708, Time: 00:01:40

Health: 0/25       AC:  3    Str: 14    XL:     2   Next: 93%
Magic:  4/4        EV: 10    Int: 13    God:
Gold:   32         SH:  0    Dex:  8    Spells: 3/4 levels left

rFire   . . .        a - +0 hand axe
rCold   . . .        (no shield)
rNeg    . . .        b - +0 leather armour
rPois   .            (no helmet)
rElec   .            (no cloak)
rCorr   .            (no gloves)
SInv    .            (no boots)
Will    .....        (no amulet)
Stlth   +            (no ring)
HPRegen 0.24/turn    (no ring)
MPRegen 0.09/turn

%: no passive effects
@: no status effects
A: runic magic, artefact enchanting
a: no special abilities


You were on level 2 of the Dungeon.
You visited 1 branch of the dungeon, and saw 2 of its levels.

You collected 32 gold pieces.

Inventory:

Hand Weapons
 a - a +0 hand axe (weapon)
Armour
 b - a +0 leather armour (worn)
Scrolls
 c - a scroll of immolation {unknown}
 d - a scroll of acquirement {unknown}
 e - a scroll of identify {unknown}
 f - a scroll of butterflies {unknown}
 h - a scroll of teleportation {unknown}
Potions
 g - a potion of lignification {unknown}
 i - 2 potions of mutation {unknown}


   Skills:
 + Level 2.8 Fighting
 - Level 4.0 Axes
 - Level 1.3 Dodging
 - Level 1.7 Spellcasting
 - Level 2.6 Conjurations
 * Level 1.8 Necromancy


You had 3 spell levels left.
You knew the following spells:

 Your Spells              Type           Power      Damage    Failure   Level
a - Kiss of Death         Conj/Necr      28%        2d7       11%         1

Your spell library contained the following spells:

 Spells                   Type           Power      Damage    Failure   Level
 Momentum Strike          Conj/Tloc      8%         3d8       24%         2
 Hailstorm                Conj/Ice       4%         3d5       43%         3


Dungeon Overview and Level Annotations

Branches:
Dungeon (2/15)

Altars:


Innate Abilities, Weirdness & Mutations

Your spellcasting is much less encumbered by armour.
You can use scrolls of enchantment on lesser artefacts.


Message History

The kobold shouts!
Things that are here:
a +0 dagger; a goblin corpse; a ribbon worm corpse A ball python is nearby!
The ball python barely misses you. The ball python grabs you.
The ball python constricts you.
The ball python bites you but does no damage.
The ball python constricts you.
You see here a scroll labelled IWNUEQ SETUETU.
You are too injured to fight recklessly!
You are too injured to fight recklessly!
You are too injured to fight recklessly!
You are too injured to fight recklessly!
You barely miss the ball python.
The ball python bites you but does no damage.
The ball python constricts you.
You barely miss the ball python. The ball python bites you.
The ball python constricts you.
* * * LOW HITPOINT WARNING * * *
You hit the ball python but do no damage.
You closely miss the kobold. The kobold hits you but does no damage.
The ball python bites you but does no damage.
The ball python constricts you.
A frilled lizard comes into view.
The kobold hits you with a +0 dagger.
* * * LOW HITPOINT WARNING * * *
You barely miss the ball python. You completely miss the kobold.
The frilled lizard hisses angrily.
The ball python bites you but does no damage.
The ball python constricts you.
* * * LOW HITPOINT WARNING * * *
The ball python bites you but does no damage.
The ball python constricts you. The kobold hits you with a +0 dagger.
* * * LOW HITPOINT WARNING * * *
You hit the ball python.
You kill the ball python!
You closely miss the kobold. The kobold hits you with a +0 dagger.
* * * LOW HITPOINT WARNING * * *
The kobold attacks as it pursues you! The kobold hits you with a +0 dagger.
You die...

#..###.....##.........
g... ...#..## ........
.##. ..#...###...... .
.. ##...#.(.##.#l# ..##
#..!.#...##...#
...##.#...#...)..#
#....#.#........#
######....####K....#
#....<........@..#>##
#...................#
#.....................
#.............†........
#......................
#.....................
#..#.####.........$..)
#..##. #.......######
#.. .. #<......#


You could see a kobold and a frilled lizard.

Vanquished Creatures
  A ribbon worm (D:2)
  3 ball pythons
  A bat (D:1)
  2 giant cockroaches (D:1)
  4 goblins
  2 hobgoblins
  2 quokkas (D:1)
  2 frilled lizards
  2 kobolds (D:1)
  4 rats
23 creatures vanquished.

Notes
Turn   | Place    | Note
-------+----------+-------------------------------------------
     0 | D:1      | Aldia the Mountain Dwarf Reaver began the quest for the
                  | Orb.
     0 | D:1      | Reached XP level 1. HP: 17/17 MP: 3/3
   152 | D:1      | Reached skill level 4 in Axes
   246 | D:1      | Reached XP level 2. HP: 25/25 MP: 4/4
   348 | D:1      | Reached skill level 1 in Necromancy
   707 | D:2      | HP: 1/25 [kobold/+0 dagger (3)]
   708 | D:2      | Slain by a kobold

Illustrated notes

Levels and vault maps discovered:
D:1:      matt_arrival_debris, layout_rooms
D:2:      layout_rooms

Skill      XL: |  1  2 |
---------------+-------+-----
Axes           | 4 |  4.0
Necromancy     | 1 |  1.8
Fighting       | |  2.8
Dodging        | |  1.3
Spellcasting   | |  1.7
Conjurations   | |  2.6

Action                     || total
---------------------------++-------
  Melee: Hand axe          ||    97
 Armour: Leather armour    ||   112
  Dodge: Dodged            ||    54

Table legend: (Time is in decaauts)
 A = Elapsed time spent in this place.
 B = Non-inter-level travel time spent in this place.
 C = Inter-level travel time spent in this place.
 D = Time resting spent in this place.
 E = Time spent auto-exploring this place.
 F = Levels seen in this place.
 G = Mean time per level.
                   A        B        C        D        E       F      G
               +--------+--------+--------+--------+--------+-----+--------+
         Total |    717 |    670 |     47 |      0 |    471 |   2 |  358.5 |
       Dungeon |    717 |    670 |     47 |      0 |    471 |   2 |  358.5 |
               +--------+--------+--------+--------+--------+-----+--------+

Top non-repeatable levels by time:
     D:1: 658 daAuts
     D:2: 59 daAuts
